cohdb
Replays
Latest Replays
All Replays
Popular Replays
Top Player Replays
Match Explorer
How It Works
Community
CoH3 Stats
Reddit
Sign in to upload your games and track your stats! →
Sign in with Steam
Match 42938370
Unlisted
Match 42938370
Overview
Messages
Build Orders
End
Panzergrenadier Squad
Selects Panzerjäger Kommand Battlegroup
250 Light Carrier
Panzergrenadier Squad
Construct Light Support Kompanie
Combat Half-tracks
250 Light Carrier
Selects GrB 39 Grenade Launcher Requisition
2.5-tonne Medical Truck
Assault Grenadier Squad
Advanced Field Repairs
Fire Support Elements
le.IG 18 Mechanized Group
Construct Panzerarmee Kommand
Assault Grenadier Squad
Selects Crew Shock Tactics
你是真的可惜
Gustapo
nwsemail
^3BoXeR^2EdEn
Zendai
Xepoz
vtomi92
警钳解不开她的心
0
0
Comments
sign in to comment!
No comments posted yet!